AoeStats
← Lord_Lannister_king

Arabia

508290458Analyzed
1v1 RM · 12d ago on Sep 21, 2026· 70m 26s· 2 players
Game mode
Random Map
Map size
Tiny (2 player)
Population
200
Speed
Normal
Resources
Standard
Victory
Conquest
Starting age
Dark Age
Ending age
Imperial Age
RankedLock teamsTeams togetherTeam positionsShared explorationLock speedFull tech treeHidden civsTurbo modeCheats
Victory
Defeat
🇹🇷 Goths · Türkiye
1226
+17
🇨🇭 Mongols · Switzerland
1242
-17
UMIT BESEN
1:44 Loom
10:45 Feudal Age
11:18 Double-Bit Axe
11:39 Man-at-Arms
15:58 Scale Mail Armor
21:03 Forging
26:30 Castle Age
26:31 Gold Mining
28:29 Stone Mining
40:59 Pikeman
42:04 Chain Mail Armor
43:38 Iron Casting
43:53 Bow Saw
44:37 Squires
46:46 Wheelbarrow
46:31 Fletching
55:31 Imperial Age
54:24 Long Swordsman
57:01 Halberdier
59:06 Two-Man Saw
59:07 Conscription
59:49 Hand Cart
60:32 Perfusion
62:22 Blast Furnace
64:24 Town Watch
67:42 Chemistry
66:53 Masonry
67:03 Ballistics
67:42 Anarchy
67:03 Elite Huskarl
68:36 Bodkin Arrow
Lord_Lannister_king
7:35 Loom
9:47 Feudal Age
10:43 Double-Bit Axe
10:54 Man-at-Arms
13:50 Horse Collar
14:50 Forging
16:51 Scale Mail Armor
20:14 Fletching
22:43 Padded Archer Armor
28:48 Castle Age
28:45 Gold Mining
28:53 Crossbowman
29:41 Thumb Ring
29:32 Bodkin Arrow
29:53 Leather Archer Armor
29:57 Town Watch
31:32 Heavy Plow
33:23 Wheelbarrow
33:02 Bow Saw
39:01 Leather Archer Armor
40:33 Ballistics
40:54 Iron Casting
40:25 Scale Barding Armor
40:47 Husbandry
40:59 Bloodlines
44:55 Chain Barding Armor
50:13 Imperial Age
53:46 Blast Furnace
57:09 Gold Shaft Mining
57:23 Elite Steppe Lancer
60:26 Conscription
61:40 Herbal Medicine
62:03 Stone Mining
Connection lost

Rejoining the realm…

Still unreachable

The connection could not be restored.

Session expired

The server has moved on; the page needs a fresh start.